 Dungeon Crawl Stone Soup version 0.30.1-11-g7821555f0a (webtiles) character file.

Game seed: 14712712033702755516

837 SacredBeard the Scholar of Death (level 7, -10/52 HPs)
             Began as a Demonspawn Necromancer on Nov 27, 2023.
             Was a Follower of Kikubaaqudgha.
             Mangled by a wraith (11 damage)
             ... in an ossuary.
             The game lasted 00:15:24 (6106 turns).

SacredBeard the Scholar of Death (DsNe)             Turns: 6106, Time: 00:15:26

Health: -10/52     AC:  3    Str:  8    XL:     7   Next: 66%
Magic:  0/6        EV: 12    Int: 23    God:    Kikubaaqudgha [*.....]
Gold:   458        SH:  0    Dex: 16    Spells: 10/12 levels left

rFire   . . .        u - +7 dagger of Lies {antimagic, *Slow Fly Dex+3}
rCold   . . .        (no shield)
rNeg    . . .        a - +0 robe
rPois   .            C - +0 helmet
rElec   .            (no cloak)
rCorr   +            (no gloves)
SInv    .            (no boots)
Will    .....        d - amulet of guardian spirit
Stlth   ++           e - ring of magical power
HPRegen 0.28/turn    A - ring of resist corrosion
MPRegen 0.10/turn

%: slow self (1%), guardian spirit
@: flying, slowed, very slow
A: spiny 1, big brain 2
a: Renounce Religion, Unearth Wretches


You were in an ossuary.
You worshipped Kikubaaqudgha.
Kikubaaqudgha was aware of your devotion.
You visited 2 branches of the dungeon, and saw 6 of its levels.
You also visited: Ossuary.

You collected 458 gold pieces.

Inventory:

Hand Weapons
 u - the +7 dagger of Lies (weapon) {antimagic, *Slow Fly Dex+3}
   (You found it on level 3 of the Dungeon)

   Dex:       It affects your dexterity (+3).
   Fly:       It grants you flight.
   *Slow:     It may slow you when you take damage.
 z - a +1 dagger of speed
 B - a +0 spear
 D - a +1 dagger of venom
Missiles
 h - 4 boomerangs
 s - 17 stones
Armour
 a - a +0 robe (worn)
 C - a +0 helmet (worn)
Jewellery
 d - an amulet of guardian spirit (around neck)
 e - a ring of magical power (left hand)
 A - a ring of resist corrosion (right hand)
Wands
 t - a wand of roots (8)
 v - a wand of flame (10)
Scrolls
 g - 3 scrolls of identify {unknown}
 j - 2 scrolls of enchant armour {unknown}
 k - a scroll of fog {unknown}
 l - a scroll of magic mapping {unknown}
 m - 2 scrolls of teleportation {unknown}
 p - a scroll of immolation {unknown}
 q - 2 scrolls of vulnerability {unknown}
 y - a scroll of poison {unknown}
Potions
 b - 2 potions of magic
 c - 2 potions of ambrosia {unknown}
 f - 4 potions of brilliance {unknown}
 i - 2 potions of heal wounds {unknown}
 n - 2 potions of haste
 o - 3 potions of might {unknown}
 r - 4 potions of curing
 w - a potion of lignification {unknown}
 x - a potion of degeneration {unknown}


   Skills:
 - Level 3.0 Fighting
 - Level 2.0 Throwing
 - Level 2.0 Armour
 - Level 2.0 Dodging
 - Level 3.0 Stealth
 + Level 3.2 Spellcasting
 + Level 0.5 Summonings
 - Level 7.0 Necromancy
 - Level 3.0 Evocations


You had 10 spell levels left.
You knew the following spells:

 Your Spells              Type           Power      Damage    Failure   Level
a - Necrotise             Necr           100%       1d9       1%          1
b - Summon Small Mammal   Summ           24%        N/A       9%          1

Your spell library contained the following spells:

 Spells                   Type           Power      Damage    Failure   Level
 Sublimation of Blood     Necr           35%        N/A       1%          2
 Vampiric Draining        Necr           35%        2d8       1%          3
 Kiss of Death            Conj/Necr      76%        2d11      2%          1
 Animate Dead             Necr           35%        N/A       6%          4
 Cigotuvi's Dreadful Rot  Necr/Pois/Air  28%        N/A       7%          2
 Apportation              Tloc           6%         N/A       12%         1
 Foxfire                  Conj/Fire      12%        2x1d4     12%         1
 Agony                    Necr           35%        N/A       19%         5
 Summon Guardian Golem    Hex/Summ       5%         N/A       30%         3
 Cause Fear               Hex            1%         N/A       75%         4
 Fireball                 Conj/Fire      1%         3d3       97%         5
 Plasma Beam              Fire/Air       1%         2x1d12    100%        6
 Starburst                Conj/Fire      1%         6d3       100%        6
 Orb of Destruction       Conj           1%         9d5       100%        7
 Spellforged Servitor     Conj/Summ      2%         N/A       100%        7
 Necromutation            Tmut/Necr      9%         N/A       100%        8


Dungeon Overview and Level Annotations

Branches:
Dungeon (5/15) Zot: 24268  Temple (1/1) D:4 Zot: 5932 Ossuary (1/1) Zot: 5686

Altars:
Fedhas
Gozag
Hepliaklqana
Kikubaaqudgha
Makhleb
Nemelex Xobeh
Okawaru
Qazlal
Sif Muna
Trog
Uskayaw
Vehumet
Wu Jian
Xom
Yredelemnul
Lugonu

Shops:
D:2 [

Portals:
Abyss: D:3

Annotations:
D:2 1 runed translucent door, Crazy Yiuf
D:3 2 runed translucent doors


Innate Abilities, Weirdness & Mutations

You are partially covered in sharp spines.
You have an extremely huge brain. (Int +4)


Message History

You feel yourself slow down.
You hit the wraith.
The wraith is heavily damaged.
The wraith is struck by your spines. The wraith completely misses you.
You hit the wraith.
The wraith is severely damaged.
The wraith is struck by your spines. The wraith hits you!
The wraith drains your vigour!
You feel as though you will be slow longer.
The wraith hits you but does no damage.
You closely miss the wraith.
The wraith is almost destroyed.
The wraith hits you but does no damage.
You barely miss the wraith.
The wraith is almost destroyed.
The wraith hits you! x2; The wraith drains your vigour!
You feel as though you will be slow longer.
You closely miss the wraith.
The wraith is almost destroyed.
The wraith closely misses you.
You barely miss the wraith.
The wraith is almost destroyed.
The wraith hits you.
* * * LOW HITPOINT WARNING * * *
The wraith drains your vigour!
You feel as though you will be slow longer.
The wraith misses you.
You hit the wraith but do no damage.
The wraith is almost destroyed.
The wraith hits you.
* * * LOW HITPOINT WARNING * * *
You barely miss the wraith.
The wraith is almost destroyed.
The wraith hits you!
* * * LOW HITPOINT WARNING * * *
The wraith drains your vigour!
You feel as though you will be slow longer.
The wraith hits you!
You die...
Kikubaaqudgha rasps: "You have failed me!
Welcome... death!"

#....#...##.?.?.##...#....#
#....'...#..??...#...'....#
#....#...# .??.. #...#....#
#....##...# ... #...##....#
#.....##...##'##...##.....#
#......##.........##......#
#.......#####'#####.......#
#.∩..........W..........∩.#
#............@............#
############'''############
####...#### #..'...'..#
#..#...#..# ####...####
#...# #...# #...#


You could see a wraith.

Vanquished Creatures
  Grinder (D:3)
  Duvessa (D:5)
  Dowan (D:5)
  A gnoll bouda (D:4)
  3 orc priests
  A jelly (D:4)
  A sleepcap (D:4)
  3 orc wizards (D:4)
  A mummy (Ossuary)
  3 gnolls (D:5)
  8 adders
  4 worms
  2 dart slugs
  7 orcs
  3 bats
  8 endoplasms
  5 giant cockroaches
  10 hobgoblins
  6 kobolds
  2 quokkas
  4 ball pythons
  3 frilled lizards
  11 gnoll skeletons (Ossuary)
  6 goblins
  3 kobold skeletons (Ossuary)
  11 orc skeletons (Ossuary)
  3 rats
112 creatures vanquished.

Vanquished Creatures (collateral kills)
  A hobgoblin (D:2)
1 creature vanquished.

Vanquished Creatures (others)
  An orc wizard (D:4)
1 creature vanquished.

Grand Total: 114 creatures vanquished

Notes
Turn   | Place    | Note
-------+----------+-------------------------------------------
     0 | D:1      | SacredBeard the Demonspawn Necromancer began the quest for
                  | the Orb.
     0 | D:1      | Reached XP level 1. HP: 13/13 MP: 3/3
   335 | D:1      | Gained mutation: You have an unusually large brain. (Int
                  | +2) [demonic ancestry]
   335 | D:1      | Reached XP level 2. HP: 19/19 MP: 1/5
  1172 | D:2      | Got Halu's Notes on Death and Glamour
  1209 | D:2      | Found Saghine's Antique Armour Boutique.
  1283 | D:2      | Reached XP level 3. HP: 25/25 MP: 1/6
  1533 | D:2      | Reached skill level 1 in Fighting
  1673 | D:2      | Reached skill level 5 in Necromancy
  1916 | D:2      | Reached skill level 1 in Throwing
  1916 | D:2      | Gained mutation: You have an extremely huge brain. (Int +4)
                  | [demonic ancestry]
  1916 | D:2      | Reached XP level 4. HP: 28/32 MP: 2/7
  2054 | D:2      | Found a runed translucent door.
  2055 | D:2      | Noticed Crazy Yiuf
  2336 | D:3      | Reached skill level 1 in Armour
  2336 | D:3      | Reached skill level 1 in Evocations
  2348 | D:2      | Reached XP level 5. HP: 22/37 MP: 0/8
  2596 | D:3      | Identified the +7 dagger of Lies {antimagic, *Slow Fly
                  | Dex+3}
  2627 | D:3      | Found a one-way gate to the infinite horrors of the Abyss.
  2814 | D:3      | Noticed Grinder
  2841 | D:3      | Found a large runed translucent door.
  2842 | D:3      | Found a large runed translucent door.
  2845 | D:3      | Found a corrupted altar of Lugonu.
  3279 | D:3      | Killed Grinder
  3280 | D:3      | Gained mutation: You are partially covered in sharp spines.
                  | [demonic ancestry]
  3280 | D:3      | Reached XP level 6. HP: 13/45 MP: 1/9
  4054 | D:4      | Reached skill level 6 in Necromancy
  4140 | D:4      | Found an iron altar of Okawaru.
  4359 | D:4      | Reached XP level 7. HP: 48/51 MP: 0/10
  4504 | D:4      | Found a blossoming altar of Fedhas.
  4605 | D:4      | Found a basalt altar of Yredelemnul.
  5025 | D:4      | Found a staircase to the Ecumenical Temple.
  5145 | Temple   | Entered the Ecumenical Temple
  5197 | Temple   | Became a worshipper of Kikubaaqudgha
  5239 | D:5      | Entered Level 5 of the Dungeon
  5644 | D:5      | Noticed Dowan
  5647 | D:5      | Noticed Duvessa
  5656 | D:5      | Killed Duvessa
  5657 | D:5      | Reached skill level 7 in Necromancy
  5658 | D:5      | Killed Dowan
  5787 | D:5      | Found a sand-covered staircase.
  5796 | D:5      | Learned a level 1 spell: Summon Small Mammal
  5797 | Ossuary  | Entered an ossuary
  5797 | Ossuary  | Noticed a wraith
  5797 | Ossuary  | Noticed a wraith
  5797 | Ossuary  | Noticed a wraith
  5925 | Ossuary  | Noticed a wraith
  6009 | Ossuary  | Reached * piety under Kikubaaqudgha
  6009 | Ossuary  | Received a gift from Kikubaaqudgha
  6106 | Ossuary  | HP: 1/52 [wraith (11)]
  6106 | Ossuary  | Mangled by a wraith

Illustrated notes

Levels and vault maps discovered:
D:1:      dpeg_arrival_shrine, layout_basic, serial_bayou_pond_e,
          minmay_gold_behind_fungi, lemuel_flame_loot_1
D:2:      layout_loops_cross, serial_shops, shop_coins, uniq_crazy_yiuf_cottage
D:3:      due_chaos_kobolds, layout_loops_ring, nicolae_wormholes, uniq_grinder
D:4:      layout_basic, old_standard_altar, mainiacjoe_overflow_brackets,
          nicolae_overflow_crystal_walls, minmay_temple_entry_enclosed_plants
D:5:      layout_basic, nicolae_ossuary_entry_plus, ebering_ghost_inner_flame,
          mrwooster_statue_mirror, uniq_duvessa
Temple:   hellmonk_temple_of_storms
Ossuary:  ossuary_due_mausoleum

Skill      XL: |  1  2  3  4  5  6  7 |
---------------+----------------------+-----
Stealth        | 2 3 |  3.0
Dodging        | 2 |  2.0
Fighting       | 1 2 3 |  3.0
Necromancy     | 5 6 7 |  7.0
Throwing       | 1 2 |  2.0
Armour         | 1 2 |  2.0
Evocations     | 1 2 3 |  3.0
Spellcasting   | 3 |  3.2
Summonings     | |  0.5

Action                     |  1- 3 |  4- 6 |  7- 9 || total
---------------------------+-------+-------+-------++-------
  Melee: Short sword       |    15 |     3 |       ||    18
         Dagger            |       |    35 |    84 ||   119
         Punch             |       |       |     1 ||     1
  Throw: Boomerang         |       |     5 |       ||     5
         Stone             |       |       |     6 ||     6
   Cast: Necrotise         |    58 |    54 |    39 ||   151
  Evoke: Wand              |       |       |     7 ||     7
 Armour: Robe              |     6 |     3 |    12 ||    21
  Dodge: Dodged            |    16 |    17 |    39 ||    72
